[Event "*** Titled Tuesday Blitz"]
[Site "Chess.com"]
[Date "2021.04.06"]
[Round "8"]
[White "xozr"]
[Black "yobdc"]
[Result "0-1"]
[WhiteElo "2365"]
[BlackElo "2517"]
[TimeControl "180+1"]
[EndTime "11:28:45 PDT"]
[Termination "yobdc won by resignation"]

1. e4 e6 2. d3 c5 3. Nd2 Nc6 4. Ngf3 g6 5. g3 Bg7 6. Bg2 Nge7 7. O-O O-O 8. Re1 d6 9. c3 e5 10. Nf1 h6 11. Nh4 g5 12. Nf3 f5 13. exf5 Bxf5 14.
h4 g4 15. N3h2 h5 16. Bg5 Qd7 17. Ne3 Be6 18. c4 Rf7 19. Nd5 Nf5 20. Be4 Raf8 21. Nxg4 hxg4 22. Qxg4 Nh6 23. Qh5 Bg4 24. Qg6 Bf5 25. Qh5 Qe6 26. Ne3 Bxe4 27. dxe4 Nd4 28. f4 exf4 29. gxf4 Qxe4 30. Bxh6 Bxh6 31. Qxh6 Rg7+ 32.
Kh2 Rxf4 33. Rg1 Rf2+ 34. Kh3 Qf3+ 0-1

[Event "*** Titled Tuesday Blitz"]
[Site "Chess.com"]
[Date "2021.04.06"]
[Round "8"]
[White "kleopl"]
[Black "Handszar"]
[Result "1-0"]
[WhiteElo "2545"]
[BlackElo "2356"]
[TimeControl "180+1"]
[EndTime "11:28:46 PDT"]
[Termination "kleopl won on time"]

1. e4 c5 2. Nc3 d6 3. d4 cxd4 4.
Qxd4 e5 5. Qd2 Nf6 6. Bb5+ Nbd7 7. Nge2 a6 8. Bc4 b5 9. Bd5 Nxd5 10. Nxd5 Bb7 11. a4 Nf6 12. Nxf6+ Qxf6 13. Nc3 Be7 14.
axb5 axb5 15. Rxa8+ Bxa8 16. O-O O-O 17. Nd5 Qe6 18. Rd1 Bxd5 19. Qxd5 Qxd5 20. Rxd5 Rc8 21.
c3 b4 22. Bd2 bxc3 23. Bxc3 f6 24. Ra5 Rc7 25. Kf1 Kf7 26. Ke2 Ke6 27. g4 g6 28. f3 f5 29. h3 fxe4 30. fxe4 h5 31. Kd3 h4 32. b4 Rb7 33. Rd5 Ra7 34. b5 Ra2 35. b6 Bd8 36. Bb4 Rb2 37. Kc4 Rc2+ 38.
Kb5 1-0

[Event "*** Titled Tuesday Blitz"]
[Site "Chess.com"]
[Date "2021.04.06"]
[Round "8"]
[White "Redzishchess"]
[Black "vrekhson"]
[Result "0-1"]
[WhiteElo "2330"]
[BlackElo "2233"]
[TimeControl "180+1"]
[EndTime "11:28:46 PDT"]
[Termination "vrekhson won by resignation"]

1. d4 Nf6 2. Bf4 c5 3. e3 d5 4. c3 e6 5. Nd2 Qb6 6. Qb3 Nc6 7.
Ngf3 Be7 8. Bd3 c4 9. Qxb6 axb6 10. Bc2 b5 11. Ke2 b4 12. e4 bxc3 13. bxc3 O-O 14. a4 Nd7 15. Rhb1 Na5 16. Rb5 Nf6 17. Bc7 Bd8 18.
Bxd8 Rxd8 19. Ne5 Nd7 20. f4 Nxe5 21. fxe5 f6 22. exf6 gxf6 23. Rf1 Kg7 24. exd5 exd5 25. Rb6 Re8+ 26. Kd1 Re6 27. Rb5 Rd6 28. Nf3 Nb3 29.
Bxb3 cxb3 30. Rxb3 Rxa4 31. Kc2 Bf5+ 32. Kb2 Rda6 33.
Rxb7+ Kf8 34. Ne5 Ra2+ 35. Kb3 Bc2+ 36. Kb4 Rb2+ 37. Kc5 Rxb7 38. Rxf6+ Rxf6 0-1

[Event "*** Titled Tuesday Blitz"]
[Site "Chess.com"]
[Date "2021.04.06"]
[Round "8"]
[White "ARMQUEEN"]
[Black "MerryPoppies"]
[Result "1-0"]
[WhiteElo "2305"]
[BlackElo "2151"]
[TimeControl "180+1"]
[EndTime "11:28:46 PDT"]
[Termination "ARMQUEEN won by resignation"]

1. e4 e5 2. Nf3 Nc6 3. d4 exd4 4.
Nxd4 Nxd4 5. Qxd4 Qf6 6. e5 Qb6 7. Qe4 Bc5 8. Bc4 Bxf2+ 9. Ke2 Qd4 10. Nc3 Ne7 11. Rf1 Qxe4+ 12. Nxe4 Bd4 13. Bxf7+ Kd8 14. Bb3 b5 15. Ng5 Ba6 16. Nf7+ Kc8 17. Nxh8 b4+ 18. Ke1 Bxf1 19. Kxf1 Bxe5 20. Nf7 Bf6 21. Bf4 d6 22. Rd1 a5 23. Be6+ Kb8 24. c3 Ra6 25. cxb4 axb4 26. a3 bxa3 27. bxa3 Rxa3 28. Rb1+ Ka7 29. Bg3 Ra1 30.
Bf2+ Ka6 31. Bc4+ Ka5 32. Be1+ Ka4 33. Rb4+ Ka3 34. Rb5 Bc3 35. Rb3+ Ka4 36. Rxc3 c6 37. Ke2 d5 38. Bd3 Ra2+ 39. Kf3 Ng6 40. Rxc6 Ra1 41. Ra6+ 1-0

[Event "*** Titled Tuesday Blitz"]
[Site "Chess.com"]
[Date "2021.04.06"]
[Round "8"]
[White "onnoelgersma"]
[Black "Meri-Arabidze"]
[Result "0-1"]
[WhiteElo "2419"]
[BlackElo "2633"]
[TimeControl "180+1"]
[EndTime "11:28:47 PDT"]
[Termination "Meri-Arabidze won by resignation"]

1. d4 d5 2. Nf3 Nf6 3. Bg5 Ne4 4. Bf4 c5 5. c3 Nc6 6. e3 Bg4 7. h3 Bh5 8. Be2 e6 9. Nbd2 f5 10. g4 Bg6 11. Ne5 Nxe5 12. Bxe5 Qd7 13. f3 Nxd2 14. Qxd2 Bd6 15. Bb5 Qxb5 16. Bxd6 c4 17. Be5 fxg4 18. hxg4 Qd7 19. f4 Be4 20. Rg1 O-O-O 21. g5 Rhg8 22. b4 h5 23. gxh6 gxh6 24.
O-O-O h5 25. Qh2 Qa4 26. Kb2 h4 27. f5 Bxf5 28. Bc7 Rdf8 29. Bb8 Qc6 30. Bxa7 Kd7 31. Bc5 Ra8 32. Rxg8 Rxg8 33. Rg1 Rxg1 34. Qxg1 Qa4 35. Qg7+ Kc6 36. Qg2 Qd1 37. Qh2 Qb1+ 38. Ka3 Qc1+ 39.
Qb2 Qxb2+ 40. Kxb2 h3 41. b5+ Kd7 42. e4 h2 0-1

[Event "*** Titled Tuesday Blitz"]
[Site "Chess.com"]
[Date "2021.04.06"]
[Round "8"]
[White "eljanov"]
[Black "Artem_Sadovsky"]
[Result "1-0"]
[WhiteElo "2862"]
[BlackElo "2639"]
[TimeControl "180+1"]
[EndTime "11:28:51 PDT"]
[Termination "eljanov won on time"]

1. d4 g6 2. e4 Bg7 3. Nc3 c6 4. Nf3 d5 5. h3 dxe4 6. Nxe4 Nf6 7. Nxf6+ exf6 8. Be2 O-O 9. O-O Re8 10. Be3 Be6 11.
c4 a5 12. Qc2 Na6 13. Rad1 Nb4 14. Qb3 b5 15. a3 bxc4 16. Bxc4 Bxc4 17. Qxc4 Qd5 18. Rc1 Qxc4 19. Rxc4 Nd5 20. Bd2 a4 21. Rfc1 Reb8 22. R1c2 Bf8 23. Rxc6 Rb7 24. Ne1 Kg7 25. Nd3 Rab8 26. Nf4 Ne7 27. Rc7 Rxc7 28. Rxc7 Rxb2 29. Bb4 Rb1+ 30. Kh2 g5 31. Nh5+ Kg6 32. Bxe7 Bxe7 33. Rxe7 Kxh5 34. Rxf7 Kg6 35. Ra7 Rb2 36. f3 Rd2 37.
Rxa4 Rd3 38. Kg1 h5 39. Kf1 Rd2 40. Rb4 Ra2 41. a4 Kf5 42. Rb5+ Kf4 43. a5 Kg3 44. d5 Ra1+ 45. Ke2 Kxg2 46. d6 Ra2+ 47. Ke3 Ra3+ 48.
Ke4 Ra1 49. d7 Re1+ 50. Kd5 Rd1+ 51. Kc6 Rc1+ 52. Rc5 1-0

[Event "*** Titled Tuesday Blitz"]
[Site "Chess.com"]
[Date "2021.04.06"]
[Round "8"]
[White "Raud100"]
[Black "aljado"]
[Result "1-0"]
[WhiteElo "2272"]
[BlackElo "2120"]
[TimeControl "180+1"]
[EndTime "11:28:51 PDT"]
[Termination "Raud100 won by resignation"]

1. d4 Nf6 2. c4 g6 3. Nc3 d5 4. cxd5 Nxd5 5. e4 Nxc3 6. bxc3 Bg7 7. Be3 O-O 8. Qd2 c5 9. Rc1 Nc6 10. d5 Ne5 11. h3 Qa5 12. f4 Nd7 13. e5 Nb6 14. c4 Qxd2+ 15. Kxd2 Bf5 16. Bxc5 Rac8 17. Bxe7 Rfe8 18. Bb4 h5 19. Nf3 Bh6 20. g3 Be4 21. Ke3 f5 22. Be2 Na4 23. Rhd1 Nc5 24. Kd4 b6 25. Nd2 Bg2 26. Bf1 Be4 27. Re1 a5 28.
Ba3 h4 29. Nxe4 Nxe4 30. Rxe4 fxe4 31. Kxe4 hxg3 32. Bg2 g5 33. f5 g4 34. hxg4 Bxc1 35. Bxc1 b5 36. Bf1 bxc4 37. d6 Red8 38. Kd5 c3 39. e6 c2 40. e7 Rd7 41. Ke6 Rb7 42.
f6 Rb4 43. f7+ Kg7 44. e8=Q Re4+ 45. Kd7 Rexe8 46. fxe8=Q Rxe8 47. Kxe8 1-0

[Event "*** Titled Tuesday Blitz"]
[Site "Chess.com"]
[Date "2021.04.06"]
[Round "8"]
[White "zajka-molotok"]
[Black "fastestmindalive"]
[Result "0-1"]
[WhiteElo "2522"]
[BlackElo "2771"]
[TimeControl "180+1"]
[EndTime "11:28:52 PDT"]
[Termination "fastestmindalive won by resignation"]

1. Nf3 Nf6 2. c4 g6 3. Nc3 Bg7 4. e4 d6 5. d4 O-O 6. Be2 Na6 7. O-O e5 8. d5 Nc5 9. Qc2 a5 10. h3 Ne8 11. Be3 f5 12. b3 f4 13. Bxc5 dxc5 14. Nh2 h5 15. Rad1 Nd6 16. a3 Kh7 17. Na4 b6 18. b4 axb4 19. axb4 Bd7 20. Ra1 cxb4 21. c5 Bxa4 22. Rxa4 Rxa4 23. cxd6 Ra7 24. dxc7 Qxc7 25. Qb1 Qc3 26. Rc1 Qd2 27. Bc4 Rfa8 28. Nf1 Qd4 29.
Qxb4 Bf8 30. Qe1 Bc5 31. Nh2 Ra1 32. Nf3 Qxf2+ 33. Kh2 Qxe1 34. Rxe1 Rxe1 35. Nxe1 Bf2 36. Nf3 Ra1 37. g4 fxg3+ 38. Kg2 Rc1 39. Bb5 Bc5 40. Nxe5 Rc2+ 41. Kxg3 Bd6 42. Kf3 Bxe5 43. Bd3 Rc3 44.
Ke2 Kg7 45. Kd2 Rc5 46. Ke3 Kf6 0-1

[Event "*** Titled Tuesday Blitz"]
[Site "Chess.com"]
[Date "2021.04.06"]
[Round "8"]
[White "alejogarcia1999"]
[Black "elextranjero00"]
[Result "1/2-1/2"]
[WhiteElo "2423"]
[BlackElo "2575"]
[TimeControl "180+1"]
[EndTime "11:28:52 PDT"]
[Termination "Game drawn by repetition"]

1. d4 Nf6 2. c4 e6 3. Nc3 Bb4 4. Nf3 b6 5. e3 Bb7 6. Bd2 O-O 7. Bd3 d6 8. O-O Nbd7 9. a3 Bxc3 10. Bxc3 Qe7 11. b4 Ne4 12. Bxe4 Bxe4 13. d5 e5 14.
Nd2 Bg6 15. e4 f5 16. f3 Qg5 17. Qe2 Rf7 18. exf5 Bxf5 19. Ne4 Bxe4 20. fxe4 Raf8 21. Bd2 Qg6 22. Rxf7 Rxf7 23. Re1 h5 24. Qd3 Qg4 25.
Qg3 Qxg3 26. hxg3 Kf8 27. Bg5 Ke8 28. Rf1 Rxf1+ 29. Kxf1 a6 30. Kf2 b5 31. cxb5 axb5 32.
g4 hxg4 33. Kg3 Nb6 34. Kxg4 Nc4 35. Bc1 Kf7 36. Kf5 g6+ 37. Kg5 Kg7 38. g3 Nb6 39. Bb2 Nc4 40. Bc1 Nb6 41. Bb2 Nc4 42. Bc1 1/2-1/2

[Event "*** Titled Tuesday Blitz"]
[Site "Chess.com"]
[Date "2021.04.06"]
[Round "8"]
[White "SergeyShtyka"]
[Black "AttackSparrow"]
[Result "0-1"]
[WhiteElo "2401"]
[BlackElo "2541"]
[TimeControl "180+1"]
[EndTime "11:28:52 PDT"]
[Termination "AttackSparrow won on time"]

1. e4 c5 2. Nf3 e6 3. d4 cxd4 4.
Nxd4 Nc6 5. Nc3 Qc7 6. Be3 a6 7.
Be2 Nf6 8. O-O Be7 9. f4 d6 10. Bf3 O-O 11. Qe1 Re8 12. Qg3 Bf8 13. Rae1 Nxd4 14.
Bxd4 e5 15. Be3 exf4 16. Bxf4 Be6 17. e5 dxe5 18. Bxe5 Qb6+ 19. Kh1 Bc4 20. Be2 Bxe2 21. Rxf6 Qxb2 22. Rxe2 Qc1+ 23. Re1 Qxc2 24. Rf2 Qg6 25.
Qxg6 hxg6 26. Rfe2 Bb4 27. Bd4 Red8 28. Be5 f6 29.
Re4 Ba5 30. Ra4 b6 31. Rxa5 bxa5 32. Bc7 Rd3 33. Bxa5 Rc8 34. Ne4 Rc2 35. a4 Ra2 36. Bb6 Rxa4 37. Nc5 Re3 38. Rb1 Rb4 0-1

[Event "*** Titled Tuesday Blitz"]
[Site "Chess.com"]
[Date "2021.04.06"]
[Round "8"]
[White "gahryman"]
[Black "MasterKroket"]
[Result "0-1"]
[WhiteElo "2716"]
[BlackElo "2530"]
[TimeControl "180+1"]
[EndTime "11:28:53 PDT"]
[Termination "MasterKroket won on time"]

1. e4 c5 2. Nf3 e6 3. d4 cxd4 4.
Nxd4 Nc6 5. Nc3 Qc7 6. Be2 a6 7. O-O Nf6 8. Be3 Bb4 9. Na4 O-O 10. Nxc6 bxc6 11. Nb6 Rb8 12. Nxc8 Rfxc8 13. Bxa6 Rf8 14. Bd3 Bd6 15. f4 e5 16. f5 Rxb2 17. Bg5 Be7 18.
Bxf6 Bxf6 19. Bc4 d5 20. Bb3 dxe4 21. Kh1 e3 22. Qc1 e4 23. Qxe3 Re8 24. Rad1 c5 25.
Qe2 Bd4 26. g4 e3 27. Rf3 Qc6 28. Rf1 Qe4 29. g5 Kf8 30. g6 hxg6 31. fxg6 f6 32. Qc4 Ke7 33. Qf7+ Kd8 34. Bd5 Qe7 35. c3 Bxc3 36.
Bc6 Rf8 37. Qxe7+ Kxe7 38. Rxe3+ Be5 39. Rd1 Rd8 40. Rxd8 Kxd8 41. Rd3+ Kc7 42. Be8 f5 43. Rd5 Rxh2+ 44. Kg1 Re2 0-1

[Event "*** Titled Tuesday Blitz"]
[Site "Chess.com"]
[Date "2021.04.06"]
[Round "8"]
[White "NoGuru"]
[Black "MustafayevFarid2004"]
[Result "1-0"]
[WhiteElo "2346"]
[BlackElo "2439"]
[TimeControl "180+1"]
[EndTime "11:28:53 PDT"]
[Termination "NoGuru won on time"]

1. Nf3 d5 2. d4 c6 3. c4 Nf6 4. Nc3 g6 5. cxd5 cxd5 6. Bf4 Bg7 7.
e3 O-O 8. h3 Nc6 9. Be2 Bf5 10.
Rc1 a6 11. O-O Rc8 12. Na4 Nb4 13. Qb3 a5 14. Nc5 b6 15. Nd3 Nxd3 16. Bxd3 Bxd3 17. Qxd3 Ne4 18. Ne5 f6 19. Nf3 Qd7 20.
Qa6 Rc6 21. Rxc6 Qxc6 22. Qa7 e5 23. dxe5 Ra8 24. Nd4 Rxa7 25. Nxc6 Rc7 26. exf6 Rxc6 27. fxg7 Kxg7 28. f3 Nd2 29. Rd1 Rc2 30. e4 Nc4 31. exd5 Kf7 32. d6 1-0

[Event "*** Titled Tuesday Blitz"]
[Site "Chess.com"]
[Date "2021.04.06"]
[Round "8"]
[White "VitaRasik"]
[Black "HackingKid98"]
[Result "1/2-1/2"]
[WhiteElo "2609"]
[BlackElo "2496"]
[TimeControl "180+1"]
[EndTime "11:28:55 PDT"]
[Termination "Game drawn by agreement"]

1. e4 c6 2. c4 d5 3. cxd5 cxd5 4. exd5 Nf6 5. Bb5+ Nbd7 6. Nc3 g6 7. d4 Bg7 8. d6 O-O 9. dxe7 Qxe7+ 10. Nge2 a6 11. Bd3 b5 12. O-O Bb7 13. h3 Nb6 14. Re1 Qd7 15. Bf4 Rac8 16. Be5 Nfd5 17. Bxg7 Kxg7 18. Ne4 Nb4 19. Bb1 Rfd8 20. a3 Bxe4 21. Bxe4 Nc6 22. Rc1 Nxd4 23. Rxc8 Nxc8 24. Nxd4 Qxd4 25. Qxd4+ Rxd4 26.
Bb7 Nd6 27. Re7 Rd1+ 28. Kh2 Nxb7 29. Rxb7 Rd2 30. f3 Rxb2 31. Ra7 Ra2 32. Rxa6 b4 33. a4 b3 34. Rb6 Rxa4 35. Rxb3 Rc4 1/2-1/2

[Event "*** Titled Tuesday Blitz"]
[Site "Chess.com"]
[Date "2021.04.06"]
[Round "8"]
[White "moro182"]
[Black "Nuvas"]
[Result "0-1"]
[WhiteElo "2731"]
[BlackElo "2601"]
[TimeControl "180+1"]
[EndTime "11:28:56 PDT"]
[Termination "Nuvas won by checkmate"]

1. d4 d5 2. c4 c6 3. Nc3 Nf6 4. Nf3 e6 5. Bg5 dxc4 6. e4 b5 7. e5 h6 8. Bh4 g5 9. Nxg5 hxg5 10.
Bxg5 Be7 11. exf6 Bxf6 12. Be3 Bb7 13. Be2 Nd7 14. Bf3 Qc7 15. Qd2 O-O-O 16. h3 e5 17.
d5 Nb6 18. O-O b4 19. Ne4 Be7 20. d6 Bxd6 21. Nxd6+ Qxd6 22. Qe2 c5 23. Bxb7+ Kxb7 24. a3 Qd3 25. Qf3+ Qd5 26. Qe2 Rhg8 27. f3 b3 28. Qf2 Na4 29. Rac1 f5 30. Qh4 f4 31. Bf2 Qxf3 32. Qe7+ Ka6 33. Bg3 Qxg3 34. Rf2 Qe3 35. Rxc4 Rd1+ 36. Kh2 Qg3# 0-1

[Event "*** Titled Tuesday Blitz"]
[Site "Chess.com"]
[Date "2021.04.06"]
[Round "8"]
[White "Leonid_Starozhilov"]
[Black "bazar-wokzal"]
[Result "0-1"]
[WhiteElo "2714"]
[BlackElo "2599"]
[TimeControl "180+1"]
[EndTime "11:28:57 PDT"]
[Termination "bazar-wokzal won by resignation"]

1. c4 f5 2. Nc3 Nf6 3. g3 e5 4. Bg2 Nc6 5. e3 d6 6. d4 g5 7.
Nge2 Bg7 8. b4 O-O 9. b5 Ne7 10.
dxe5 dxe5 11. Qxd8 Rxd8 12. Ba3 Ng6 13. Nd5 Nxd5 14.
Bxd5+ Kh8 15. h4 gxh4 16. gxh4 e4 17. Rd1 Ne5 18. Nf4 c6 19. bxc6 bxc6 20. Be6 Nd3+ 21. Kf1 Bxe6 22. Nxe6 Rg8 23. Nxg7 Rxg7 24. Rxd3 exd3 25. Bb2 Rb8 26. Bxg7+ Kxg7 27. Kg2 Rb2 28. Rd1 d2 29. Kf3 Rxa2 30. Kf4 Kf6 31. f3 Rc2 32.
e4 fxe4 33. fxe4 a5 34. e5+ Ke6 35. Ke3 Kxe5 36. Kd3 Rb2 37. Ke2 Kd4 38. Ra1 Kxc4 39.
Rxa5 c5 40. Ra7 h5 41. Rd7 Kb4 42. Rb7+ Kc3 43. Rd7 c4 44. Rd5 Rb1 45. Rxd2 Rb2 46. Rxb2 Kxb2 47. Ke3 c3 48. Kf4 c2 49. Kg5 c1=Q+ 50. Kxh5 Qg1 51. Kh6 Kc3 52. Kh7 Kd4 53.
h5 Ke5 54. h6 Kf6 0-1

[Event "*** Titled Tuesday Blitz"]
[Site "Chess.com"]
[Date "2021.04.06"]
[Round "8"]
[White "Evgeny81"]
[Black "Koalaskakistis"]
[Result "1-0"]
[WhiteElo "2768"]
[BlackElo "2585"]
[TimeControl "180+1"]
[EndTime "11:28:59 PDT"]
[Termination "Evgeny81 won on time"]

1. e4 c5 2. d4 cxd4 3. c3 d5 4.
exd5 Qxd5 5. Nf3 Nc6 6. cxd4 Bg4 7. Be2 O-O-O 8. Nc3 Qh5 9. O-O e5 10. d5 Nf6 11. Qb3 Nd4 12. Nxd4 exd4 13. Bf4 Bd6 14.
Bxd6 Rxd6 15. Nb5 Rxd5 16. Nxa7+ Kb8 17. Nc6+ Kc7 18. Nxd4 Rxd4 19. Qc3+ Kb8 20. Qxd4 Bxe2 21. Rfc1 Ba6 22. Rc5 Qe2 23. h3 Re8 24. Rac1 Qd3 25. Qf4+ Ka7 26. b4 Qe4 27. Qg3 Nd7 28. Ra5 Kb6 29.
Qc7+ Ka7 30. Rxa6+ 1-0

[Event "*** Titled Tuesday Blitz"]
[Site "Chess.com"]
[Date "2021.04.06"]
[Round "8"]
[White "Anton_Demchenko"]
[Black "Ze-Pequeno"]
[Result "1-0"]
[WhiteElo "2848"]
[BlackElo "2273"]
[TimeControl "180+1"]
[EndTime "11:28:59 PDT"]
[Termination "Anton_Demchenko won by resignation"]

1. e4 c5 2. Nf3 d6 3. d4 cxd4 4.
Nxd4 Nf6 5. Nc3 a6 6. f3 e6 7. g4 b5 8. a3 Bb7 9. Be3 Nfd7 10. Qd2 Nb6 11. O-O-O N8d7 12. Rg1 Ne5 13. f4 Nec4 14.
Qe1 Rc8 15. Kb1 Qc7 16. Bxc4 Nxc4 17. Rd3 Be7 18. g5 g6 19. f5 e5 20. Nb3 Nxe3 21.
Qxe3 Bd8 22. Rgd1 Be7 23. f6 Bf8 24. h4 h6 25. Qe2 hxg5 26. hxg5 Qd7 27. Na5 Ba8 28. Nd5 Qa7 29. Qg4 Kd8 30. Nb4 Qb6 31. Nb3 a5 32. Nd5 Qa7 33. Nc3 Qb6 34. a4 bxa4 35.
Nxa4 Qc6 36. Rc3 Qd7 37. Qxd7+ Kxd7 38. Nb6+ 1-0

[Event "*** Titled Tuesday Blitz"]
[Site "Chess.com"]
[Date "2021.04.06"]
[Round "8"]
[White "goofypenguin96"]
[Black "LEGENYA1998"]
[Result "0-1"]
[WhiteElo "2361"]
[BlackElo "2243"]
[TimeControl "180+1"]
[EndTime "11:28:59 PDT"]
[Termination "LEGENYA1998 won by checkmate"]

1. e4 c5 2. Nf3 d6 3. d4 cxd4 4. Nxd4 Nf6 5. Nc3 g6 6. f3 Bg7 7. Be3 Nc6 8. Qd2 O-O 9. O-O-O Bd7 10. h4 h5 11. Be2 Rc8 12. Kb1 Ne5 13. g4 hxg4 14.
h5 Nxh5 15. Bh6 Rxc3 16. bxc3 gxf3 17. Bxf3 Qb6+ 18. Ka1 Nc4 19. Qc1 Bxh6 20. Qb1 Qxb1+ 21. Rxb1 Bd2 22. Rxb7 Bxc3+ 23. Kb1 Bxd4 24. Rxd7 Nd2+ 25.
Kc1 Nxf3 26. Rh3 Ng5 27. Rh4 Re8 28. Rb7 Bb6 29. a4 Nf6 30. e5 dxe5 31. Rc4 e4 32. Kd1 Nf3 33. Ke2 g5 34. a5 Bxa5 35. Rxa7 Bb6 36.
Ra6 Bd4 37. Ra3 g4 38. Kf1 Nd2+ 39. Kg2 Nxc4 40. Rb3 Nd6 41. c3 Be5 42. c4 Nxc4 43. Rb4 Nd6 44. Rb1 Rc8 45. Rd1 Rc2+ 46. Kh1 e3 47. Kg1 e2 48. Re1 Bg3 49. Kg2 Bxe1 50. Kh1 Bg3 51. Kg2 e1=Q# 0-1

[Event "*** Titled Tuesday Blitz"]
[Site "Chess.com"]
[Date "2021.04.06"]
[Round "8"]
[White "yonaltimur"]
[Black "ApoIogiA"]
[Result "0-1"]
[WhiteElo "1789"]
[BlackElo "2178"]
[TimeControl "180+1"]
[EndTime "11:28:59 PDT"]
[Termination "ApoIogiA won on time"]

1. e4 c6 2. d4 d5 3. e5 c5 4. dxc5 Nc6 5. Nf3 Bg4 6. Be2 e6 7. Bf4 Bxc5 8. O-O Nge7 9. c4 O-O 10.
Nc3 dxc4 11. Bxc4 Qxd1 12. Rfxd1 Bxf3 13. gxf3 Rfd8 14. Re1 h6 15. Ne4 Bb4 16. Re2 g5 17. Bg3 Ng6 18. a3 Be7 19. Nc3 Rd4 20. Bb3 a6 21.
Kf1 Rad8 22. Ke1 b5 23. Rd1 Rxd1+ 24. Bxd1 Na5 25. Bc2 Kg7 26. Bxg6 Kxg6 27. Ne4 Nc4 28. Rc2 Rd5 29. Re2 Bd8 0-1

[Event "*** Titled Tuesday Blitz"]
[Site "Chess.com"]
[Date "2021.04.06"]
[Round "8"]
[White "Nozdrachev_Leonid"]
[Black "TheMagicMaik"]
[Result "1-0"]
[WhiteElo "2575"]
[BlackElo "2419"]
[TimeControl "180+1"]
[EndTime "11:29:00 PDT"]
[Termination "Nozdrachev_Leonid won by resignation"]

1. e4 g6 2. Nf3 Bg7 3. d4 c5 4.
dxc5 Qa5+ 5. c3 Qxc5 6. Be3 Qc6 7. Nbd2 Nf6 8. Bd4 O-O 9. Bd3 d6 10. h3 Nbd7 11. O-O b6 12. e5 dxe5 13. Nxe5 Nxe5 14.
Bxe5 Bb7 15. Nf3 Rad8 16. Qe2 e6 17.
Rfe1 Qc8 18. Rad1 Qa8 19. Ba6 Rd5 20. Bxb7 Qxb7 21. c4 Rd7 22. Rxd7 Qxd7 23. Rd1 Qc6 24. b3 h6 25. Qb2 Nh5 26. Bxg7 Nxg7 27. Ne5 Qc7 28.
Rd7 Qb8 29. Nxg6 Qe8 30. Nxf8 Kxf8 31. Rxa7 Qc6 32. Qf6 Qe8 33. Qxh6 Kg8 34. Qf4 f6 35. Qg3 Qf8 36. Qxg7+ Qxg7 37. Rxg7+ Kxg7 38. f4 Kg6 39. Kf2 Kf5 1-0

[Event "*** Titled Tuesday Blitz"]
[Site "Chess.com"]
[Date "2021.04.06"]
[Round "8"]
[White "Trickov"]
[Black "MarkoPe"]
[Result "1-0"]
[WhiteElo "2400"]
[BlackElo "2272"]
[TimeControl "180+1"]
[EndTime "11:29:01 PDT"]
[Termination "Trickov won by resignation"]

1. d4 d5 2. Nf3 e6 3. g3 Nf6 4. Bg2 c5 5. O-O cxd4 6. Nxd4 Nc6 7. c4 Bc5 8. Nb3 Be7 9. cxd5 Nxd5 10. e4 Nf6 11. Nc3 O-O 12. Qe2 Nd4 13. Nxd4 Qxd4 14. Rd1 Qb4 15. a3 Qa5 16. e5 Nd7 17. Bf4 Rb8 18.
b4 Qa6 19. Qxa6 bxa6 20. Ne4 a5 21. bxa5 Nc5 22. Nd6 Ba6 23. Be3 Nb3 24. Rab1 Nxa5 25. Bxa7 Rbd8 26. Bc5 Nc4 27. Bf1 Bxd6 28. exd6 Rd7 29.
Rbc1 Nb2 30. Bxa6 Nxd1 31. Rxd1 f6 32. Bb5 Rdd8 33. d7 Rf7 34. Bb6 Rff8 35. Bxd8 Rxd8 36. a4 Kf7 37. a5 Ke7 38. a6 Ra8 39. d8=Q+ Rxd8 40. Rxd8 Kxd8 41. a7 1-0

[Event "*** Titled Tuesday Blitz"]
[Site "Chess.com"]
[Date "2021.04.06"]
[Round "8"]
[White "MIJuanReyesRosa"]
[Black "WinOrTilt"]
[Result "0-1"]
[WhiteElo "2001"]
[BlackElo "2234"]
[TimeControl "180+1"]
[EndTime "11:29:01 PDT"]
[Termination "WinOrTilt won on time"]

1. d4 d5 2. c4 e6 3. Nc3 Nf6 4. Nf3 c6 5. e3 Bd6 6. Bd3 Nbd7 7.
O-O O-O 8. e4 e5 9. cxd5 cxd5 10.
Nb5 Bb8 11. dxe5 Nxe5 12. Nxe5 Bxe5 13. f4 Bb8 14. e5 Qb6+ 15. Kh1 Ng4 16. Qe2 a6 17.
Nc3 Rd8 18. h3 Nh6 19. f5 d4 20. Na4 Qc6 21. f6 Bxh3 22. Bxh6 gxh6 23. Be4 Qe6 24.
gxh3 Qxh3+ 25. Qh2 Qxh2+ 26. Kxh2 Bxe5+ 27. Kh3 Rd6 28.
Rac1 Bxf6 29. Rc7 Re8 30. Rxb7 Rxe4 31. Nc5 Re3+ 0-1

[Event "*** Titled Tuesday Blitz"]
[Site "Chess.com"]
[Date "2021.04.06"]
[Round "8"]
[White "Skatchkov_V"]
[Black "gmgamil"]
[Result "0-1"]
[WhiteElo "2614"]
[BlackElo "2810"]
[TimeControl "180+1"]
[EndTime "11:29:02 PDT"]
[Termination "gmgamil won by resignation"]

1. d4 Nf6 2. c4 g6 3. Nf3 Bg7 4.
g3 O-O 5. Bg2 d6 6. O-O Nbd7 7.
Nc3 e5 8. e4 Re8 9. h3 a5 10.
Re1 c6 11. Be3 exd4 12. Nxd4 Nc5 13. Qc2 a4 14. b4 axb3 15. axb3 Rxa1 16. Rxa1 Qe7 17.
f3 Nh5 18. Nde2 f5 19. b4 fxe4 20. f4 Nd3 21. Rb1 Nf6 22. Bd4 c5 23. bxc5 Nxc5 24. Rd1 e3 25. Nb5 Bf5 26. Qb2 Nd3 27. Qa3 Nf2 28.
Ra1 Nxh3+ 29. Bxh3 Bxh3 30. Nxd6 Rd8 31. c5 Rxd6 32. cxd6 Qe4 33. Qa8+ Bf8 0-1

[Event "*** Titled Tuesday Blitz"]
[Site "Chess.com"]
[Date "2021.04.06"]
[Round "8"]
[White "olksuna"]
[Black "GrigoriyM2001"]
[Result "1-0"]
[WhiteElo "2677"]
[BlackElo "2543"]
[TimeControl "180+1"]
[EndTime "11:29:02 PDT"]
[Termination "olksuna won by checkmate"]

1. e4 c6 2. Nf3 d5 3. Nc3 Bg4 4. h3 Bxf3 5. Qxf3 e6 6. d4 Nf6 7. exd5 cxd5 8. Bd3 Nc6 9. Ne2 Be7 10. c3 O-O 11.
O-O Qc7 12. Bf4 Bd6 13. Bg5 Nd7 14. Qh5 g6 15. Qh4 Rfe8 16. Rfe1 Rab8 17. a4 a6 18. Bf4 b5 19. axb5 axb5 20. Ra6 b4 21. Bxd6 Qxd6 22. Nf4 e5 23. Nxd5 exd4 24. Rxe8+ Rxe8 25. Nxb4 Ndb8 26. Rb6 Re1+ 27. Bf1 Qc5 28. Rb7 Qc4 29. Qf6 Qxf1+ 30. Kh2 Qh1+ 31. Kg3 Rg1 32. Qxf7+ Kh8 33.
Qg7# 1-0

[Event "*** Titled Tuesday Blitz"]
[Site "Chess.com"]
[Date "2021.04.06"]
[Round "8"]
[White "szabadaba"]
[Black "kirillshevchenko"]
[Result "0-1"]
[WhiteElo "2694"]
[BlackElo "2844"]
[TimeControl "180+1"]
[EndTime "11:29:03 PDT"]
[Termination "kirillshevchenko won by resignation"]

1. e4 e5 2. Nf3 d6 3. d4 exd4 4. Qxd4 Nf6 5. Nc3 Be7 6. Bb5+ Bd7 7. Bg5 Bxb5 8. Nxb5 Nc6 9. Qd3 O-O 10. O-O Re8 11.
Rfe1 a6 12. Nbd4 h6 13. Nxc6 bxc6 14. Bh4 Nd7 15. Bxe7 Qxe7 16. Qc4 c5 17. b3 a5 18. a4 Ne5 19. Nxe5 Qxe5 20. h3 Reb8 21. Rad1 Rb4 22. Qd5 Re8 23. f3 Qxd5 24. Rxd5 f6 25. Kf2 Kf7 26. Re3 Re5 27. Rd2 c4 28.
Rc3 Rc5 29. Re3 Ke6 30. Ke2 h5 31. h4 cxb3 32. cxb3 Rc1 33. Rd5 Rc2+ 34. Rd2 Rc5 35. Kd3 Rxb3+ 36. Ke2 Rb4 37. Red3 Rxa4 38. Rd5 Rac4 0-1

[Event "*** Titled Tuesday Blitz"]
[Site "Chess.com"]
[Date "2021.04.06"]
[Round "8"]
[White "Nemsko"]
[Black "j2806"]
[Result "1-0"]
[WhiteElo "2303"]
[BlackElo "2150"]
[TimeControl "180+1"]
[EndTime "11:29:03 PDT"]
[Termination "Nemsko won by resignation"]

1. e4 c5 2. Nf3 d6 3. d4 cxd4 4.
Nxd4 Nf6 5. Nc3 a6 6. Be3 e5 7. Nb3 Be6 8. h3 Be7 9. Qf3 Qc7 10. O-O-O Nbd7 11. g4 O-O 12. g5 Ne8 13. h4 Nc5 14. h5 Nxb3+ 15. axb3 b5 16. Kb1 Rc8 17. Bd3 Qc6 18. Nd5 Bd8 19. Qg2 f5 20. gxf6 Bxf6 21. Rhg1 Rf7 22. f4 exf4 23. Nxf4 Bd7 24.
h6 Kh8 25. hxg7+ Nxg7 26. Rh1 Ne6 27. Ng6+ Kg8 28. Ne5+ Rg7 29. Qxg7+ Bxg7 30. Nxc6 Bxc6 31. Rhg1 Kh8 32. c3 Nc5 33. Bxc5 dxc5 34. Rg5 Re8 35. Rxc5 Bxe4 36. Bxe4 1-0